 Dungeon Crawl Stone Soup version 0.23-a0-180-ga5275e7 (webtiles) character file.

28 CanOfBees the Caller (level 3, -4/20 HPs)
             Began as a Tengu Summoner on Sept 18, 2018.
             Slain by Terence
             ... wielding a +0 falchion
              (7 damage)
             ... on level 2 of the Dungeon.
             The game lasted 00:02:27 (1998 turns).

CanOfBees the Caller (Tengu Summoner)               Turns: 1998, Time: 00:02:27

Health: -4/20      AC:  2    Str:  8    XL:     3   Next: 12%
Magic:  2/7        EV: 12    Int: 16    God:
Gold:   84         SH:  0    Dex: 14    Spells: 3/6 levels left

rFire    . . .     SeeInvis .   d - +0 short sword
rCold    . . .     Gourm    .   (no shield)
rNeg     . . .     Faith    .   a - +0 robe
rPois    .         Spirit   .   (helmet restricted)
rElec    .         Reflect  .   (no cloak)
rCorr    .         Harm     .   (no gloves)
MR       +....                  (boots unavailable)
Stlth    ++........             (no amulet)
HPRegen  0.06/turn              e - ring of protection from magic
MPRegen  0.10/turn              (no ring)

@: no status effects
A: beak, talons 3
a: no special abilities


You were on level 2 of the Dungeon.
You were not hungry.

You visited 1 branch of the dungeon, and saw 2 of its levels.

You collected 84 gold pieces.

Inventory:

Hand Weapons
 d - a +0 short sword (weapon)
Missiles
 g - 28 poisoned needles
 h - 50 stones (quivered)
Armour
 a - a +0 robe (worn)
Jewellery
 e - a ring of protection from magic (left hand)
Scrolls
 b - a scroll of identify
 f - a scroll of enchant weapon {unknown}
 i - a scroll of fear {unknown}
 k - 3 scrolls of remove curse
Potions
 j - a potion of curing {unknown}
 l - 2 potions of mutation
 m - a potion of resistance {unknown}
Comestibles
 c - 5 rations


   Skills:
 + Level 1.0 Fighting
 - Level 2.1 Dodging
 - Level 2.0 Stealth
 + Level 2.3 Spellcasting
 * Level 5.4 Summonings


You had 3 spell levels left.
You knew the following spells:

 Your Spells              Type           Power        Failure   Level  Hunger
a - Summon Small Mammal   Summ           ###.         2%          1    #......
b - Call Imp              Summ           ###.....     3%          2    ###....

Your spell library contained the following spells:

 Spells                   Type           Power        Failure   Level  Hunger
 Call Canine Familiar     Summ           ###.....     6%          3    ###....
 Summon Guardian Golem    Hex/Summ       ##......     21%         3    ###....
 Summon Ice Beast         Ice/Summ       ##......     54%         4    #####..
 Summon Lightning Spire   Summ/Air       ##......     54%         4    #####..


Dungeon Overview and Level Annotations

Branches:
Dungeon (2/15)

Altars:

Annotations:
D:2 Sigmund, Terence


Innate Abilities, Weirdness & Mutations

You have a beak for a mouth.
You have claws for feet.


Message History

You hit Terence but do no damage. Your peck misses Terence.
Terence is severely wounded.
Terence hits you with a falchion.
Your white imp gestures at Terence.
The puff of frost hits Terence.
Your crimson imp hits Terence but does no damage.
You hit Terence but do no damage.
Terence is severely wounded.
The goblin hits your white imp but does no damage.
Terence hits you with a falchion.
* * * LOW HITPOINT WARNING * * *
Your white imp gestures at the goblin.
The puff of frost hits the goblin.
The goblin dies!
Your crimson imp blinks!
You hit Terence.
Terence is almost dead.
Terence says, "How do you enjoy it?" Terence hits you with a falchion!
You die...

.##......## #.# #.#
........## #.# #.#
###...#.# #.# #.#
##.##.########.###.####
#.....................
####.#########.##.####
#..# #####........
#..###.#..<.........
#..##....).@5)..5?..
#..#.....##@........
#........ ..........
#.##.... ##$......5.
##... ##........ ##.
#.####### #. #.# .#


You could see Terence, 2 friendly crimson imps and a friendly white imp.

Vanquished Creatures
  2 bats (D:1)
  3 goblins (D:1)
  3 hobgoblins
  A frilled lizard (D:2)
  2 kobolds (D:1)
  2 rats (D:1)
13 creatures vanquished.

Vanquished Creatures (collateral kills)
  An adder (D:1)
  A dart slug (D:1)
  A ball python (D:1)
  5 goblins
  A hobgoblin (D:1)
  2 kobolds
  2 frilled lizards
13 creatures vanquished.

Grand Total: 26 creatures vanquished

Notes
Turn   | Place    | Note
-------+----------+-------------------------------------------
     0 | D:1      | CanOfBees the Tengu Summoner began the quest for the Orb.
     0 | D:1      | Reached XP level 1. HP: 10/10 MP: 4/4
   287 | D:1      | Reached skill level 5 in Summonings
   768 | D:1      | Reached XP level 2. HP: 16/16 MP: 1/6
   819 | D:1      | Learned a level 2 spell: Call Imp
  1510 | D:2      | Noticed Sigmund
  1695 | D:2      | Noticed Terence
  1705 | D:1      | Reached skill level 1 in Fighting
  1705 | D:1      | Reached XP level 3. HP: 17/20 MP: 0/7
  1998 | D:2      | Slain by Terence

Vault maps used:
D:1:      lemuel_arrival_rhombus, nrook_mini_vaults
D:2:      kennysheep_six_static_rooms, uniq_terence, uniq_jessica, uniq_sigmund

Skill      XL: |  1  2 |
---------------+-------+-----
Summonings     | 5 |  5.4
Fighting       | 1 |  1.0
Dodging        | |  2.1
Stealth        | |  2.0
Spellcasting   | |  2.3

Action                   || total
-------------------------++-------
Melee: Unarmed           ||     4
       Short sword       ||    36
       Peck              ||     5
       Kick              ||     3
 Cast: Summon Small Mamm ||    18
       Call Imp          ||    13
  Use: Scroll            ||     2
 Stab: Sleeping          ||     4
       Distracted        ||     1
  Eat: Chunk             ||     2
       Ration            ||     1
Armor: Robe              ||     9
Dodge: Dodged            ||    33

Table legend:
 A = Non-vault XP
 B = Vault XP
 C = Vault XP percentage of total XP
 D = Non-vault monster count
 E = Vault monster count
 F = Vault count percentage of total count
                 A         B        C        D         E       F
            +---------+---------+-------+---------+---------+-------
      Total |      40 |       0 |   0.0 |      26 |       0 |   0.0
            +---------+---------+-------+---------+---------+-------
        D:1 |      34 |       0 |   0.0 |      21 |       0 |   0.0
        D:2 |       6 |       0 |   0.0 |       5 |       0 |   0.0
            +---------+---------+-------+---------+---------+-------
